Map: Ruins of Seras

Players

Kelazhur - Winner!

  • Race: Terran Terran
  • League: Gold

Fenna (fenn3r)

  • Race: Zerg Zerg
  • League: Master

Event: ASL Season 5 Prime League LOTV Beta

VOD

Have the link to the VOD?

Description

Time

  • Played on: Sept. 7, 2015, 10:33 p.m.
  • Length: 7:51

All games in this series

Show
View Real Time Build Order
Export as new Build Order

Kelazhur Terran - Winner!

Build Orders: Reaper Expand, MMM Bio 

Get SALT Encoding   

  12  0:01  SCV  
  13  0:13  SCV  
  14  0:23  Supply Depot  
  14  0:25  SCV  
  15  0:44  SCV  
  15  0:46  Barracks  
  15  0:49  Refinery  
  16  0:57  SCV  
  17  1:11  SCV  
  18  1:23  SCV  
  19  1:35  Reaper  
  19  1:36  Command Center  
  20  1:42  Supply Depot  
  20  1:52  Orbital Command  
  20  2:07  Barracks Reactor  
  20  2:18  SCV  
  20  2:20  Supply Depot  
  21  2:27  Factory  
  21  2:30  SCV  
  22  2:43  Marine x2  
  24  2:45  SCV  
  24  2:48  Orbital Command  
  25  2:52  Bunker  
  25  2:57  SCV  
  26  3:01  Marine x2  
  28  3:09  SCV  
  29  3:21  SCV x2  
  29  3:25  Supply Depot  
  31  3:30  Hellion x2  
  31  3:32  Supply Depot x2  
  31  3:33  SCV, Barracks Tech Lab  
  31  3:34  SCV  
  37  3:45  SCV  
  37  3:46  SCV  
  39  3:51  Hellion x2  
  43  3:57  SCV  
  43  3:58  SCV  
  43  4:00  Stimpack, Marauder  
  48  4:10  SCV x2  
  48  4:12  Refinery, Engineering Bay  
  48  4:13  Engineering Bay  
  49  4:21  Marauder  
  49  4:22  SCV  
  52  4:28  Command Center  
  52  4:30  SCV  
  53  4:34  SCV  
  54  4:42  Terran Infantry Weapons Level 1, Terran Infantry Armor Level 1, SCV  
  55  4:46  SCV  
  55  4:47  Marine  
  55  4:48  Refinery x2  
  57  4:55  SCV  
  57  4:58  SCV  
  59  5:05  Barracks  
  59  5:06  Barracks  
  59  5:07  SCV, Factory Reactor  
  60  5:10  SCV  
  61  5:19  SCV  
  62  5:22  SCV, Marauder  
  62  5:26  Barracks  
  62  5:27  Barracks  
  65  5:31  SCV  
  65  5:34  SCV  
  67  5:37  Armory  
  67  5:40  SCV  
  68  5:43  SCV  
  68  5:44  Marauder  
  68  5:46  SCV  
  72  5:54  Marine x2  
  72  5:55  SCV, Starport  
  76  5:58  SCV  
  76  5:59  Orbital Command  
  76  6:00  Factory Reactor  
  76  6:01  Marine x2  
  78  6:06  Combat Shields, Marauder  
  80  6:12  Marine x2  
  81  6:20  Barracks Tech Lab x2  
  81  6:21  Marine x2  
  83  6:27  Marauder  
  83  6:28  SCV x2  
  83  6:30  Marine  
  83  6:32  Marine  
  89  6:38  Marine  
  89  6:39  Marine  
  91  6:48  Marauder  
  91  6:53  Marine  
  91  6:54  Marauder  
  92  6:59  Marine  
  92  7:00  Concussive Shells, Marauder  
  91  7:10  Marauder  
  93  7:20  Medivac x2, Marine x2  
  93  7:21  Marauder  
Show
View Real Time Build Order
Export as new Build Order

Fenna Zerg 

Build Orders: Hatch First 

Get SALT Encoding   

  12  0:01  Drone  
  13  0:13  Overlord  
  13  0:18  Drone  
  14  0:31  Drone x2  
  16  0:36  Drone  
  17  0:52  Hatchery  
  17  0:56  Drone  
  17  0:59  Drone  
  18  1:12  Spawning Pool  
  17  1:22  Drone  
  17  1:23  Drone  
  19  1:29  Overlord  
  19  1:43  Drone  
  20  1:59  Queen  
  20  2:00  Zergling x2  
  23  2:04  Queen  
  23  2:06  Zergling x4  
  27  2:12  Drone  
  28  2:16  Drone  
  28  2:22  Drone  
  30  2:30  Overlord  
  30  2:35  Overlord, Queen  
  32  2:40  Queen  
  32  2:43  Drone  
  35  2:45  Drone  
  35  2:48  Drone  
  37  2:54  Drone  
  38  2:59  Drone  
  38  3:03  Extractor  
  38  3:04  Extractor  
  37  3:07  Drone x4  
  37  3:12  Drone x4  
  45  3:15  Queen  
  45  3:19  Overlord  
  47  3:24  Drone  
  48  3:35  Drone x2  
  50  3:43  Drone x4  
  50  3:47  Drone  
  55  3:50  Extractor  
  55  3:52  Drone x3  
  57  4:00  Roach Warren  
  57  4:01  Evolution Chamber x2  
  54  4:05  Hatchery  
  53  4:15  Extractor  
  53  4:16  Spore Crawler  
  50  4:19  Drone x6  
  56  4:25  Overlord  
  56  4:27  Lair  
  56  4:48  Drone  
  56  4:49  Drone x2, Overlord x3  
  56  4:51  Roach x3  
  65  4:56  Roach  
  67  5:04  Overlord  
  67  5:07  Queen  
  67  5:08  Roach  
  67  5:09  Roach x2  
  75  5:18  Overlord  
  75  5:29  Nydus Network, Glial Reconstitution  
  75  5:32  Queen  
  76  5:41  Roach x4  
  84  5:42  Queen  
  84  5:49  Overlord  
  86  6:01  Overlord  
  86  6:02  Roach  
  86  6:03  Roach x5  
  98  6:09  Nydus Canal  
  93  6:21  Overlord  
  93  6:22  Roach x3  
  93  6:23  Roach x2  
  95  6:40  Overlord  
  95  6:45  Ravager x5  
  95  6:46  Ravager x3  
  96  7:12  Roach x12  
  117  7:17  Nydus Canal  
  117  7:20  Roach  
Tags
 
Add a new tag
Caveats
  • Supply blocks, unpowered buildings, or Contaminate may cause inaccurate times.
  • Supply counts are checked every 10 seconds.